 Dungeon Crawl Stone Soup version 0.27.0-1-g7a089689b8 (webtiles) character file.

Game seed: 9978771539495197392

137 inmateoo the Slasher (level 5, -8/32 HPs)
             Began as a Tengu Warper on Aug 5, 2021.
             Splashed by Ijyb's acid (14 damage)
             ... on level 3 of the Dungeon.
             The game lasted 00:02:49 (2731 turns).

inmateoo the Slasher (Tengu Warper)                 Turns: 2731, Time: 00:02:50

Health: -8/32      AC:  3    Str: 12    XL:     5   Next: 20%
Magic:  9/9        EV: 14    Int: 13    God:
Gold:   120        SH:  0    Dex: 14    Spells: 8/8 levels left

rFire    . . .     SeeInvis .   a - +0 falchion
rCold    . . .     Faith    .   (no shield)
rNeg     . . .     Spirit   .   b - +0 leather armour
rPois    .         Reflect  .   (helmet restricted)
rElec    .         Harm     .   (no cloak)
rCorr    .         Rampage  .   (no gloves)
Will     .....                  (boots unavailable)
Stlth    ++........             (no amulet)
HPRegen  0.10/turn              (no ring)
MPRegen  0.11/turn              (no ring)

@: flying quickly and evasively, quick
A: beak, talons 3, nimble flight
a: no special abilities


You were on level 3 of the Dungeon.
You visited 1 branch of the dungeon, and saw 3 of its levels.

You collected 120 gold pieces.

Inventory:

Hand Weapons
 a - a +0 falchion (weapon)
Missiles
 g - a throwing net (quivered)
 j - 2 boomerangs
Armour
 b - a +0 leather armour (worn)
Scrolls
 c - a scroll of blinking
Potions
 d - 2 potions of invisibility
 e - 2 potions of ambrosia
 f - 2 potions of brilliance {unknown}
 h - a potion of might {unknown}


   Skills:
 + Level 2.9 Fighting
 + Level 3.9 Long Blades
 - Level 1.0 Throwing
 + Level 2.4 Armour
 + Level 2.8 Dodging
 + Level 1.4 Stealth
 - Level 2.0 Spellcasting
 - Level 2.4 Translocations


You had 8 spell levels left.
You didn't know any spells.
Your spell library contained the following spells:

 Spells                   Type           Power      Damage    Failure   Level
 Blink                    Tloc           N/A        N/A       19%         2
 Gell's Gravitas          Tloc           3%         N/A       36%         3
 Lesser Beckoning         Tloc           3%         N/A       36%         3
 Teleport Other           Tloc           7%         N/A       36%         3
 Manifold Assault         Tloc           7%         N/A       98%         5


Dungeon Overview and Level Annotations

Branches:
Dungeon (3/15)

Altars:

Annotations:
D:3 Ijyb


Innate Abilities, Weirdness & Mutations

You have a beak for a mouth.
You have claws for feet.
Your magical nature lets you fly swiftly and evasively.


Message History

There are monsters nearby!
You barely miss the giant cockroach.
The giant cockroach waves its antennae.
The giant cockroach barely misses you. The giant cockroach closely misses you.
You hit the giant cockroach but do no damage.
You claw the giant cockroach.
You kill the giant cockroach!
The hobgoblin hits you but does no damage.
You barely miss the hobgoblin. You claw the hobgoblin.
Your peck misses the hobgoblin.
The hobgoblin is almost dead.
The hobgoblin hits you but does no damage.
You hit the hobgoblin.
You kill the hobgoblin!
An orc comes into view. It is wielding a +0 flail.
An orc comes into view. It is wielding a +0 rapier.
There are monsters nearby!
The orc shouts! x2; You hear a shout!
An orc wizard comes into view. It is wielding a +0 club.
The orc hits you with a +0 flail.
You hit the orc. You peck the orc.
The orc is severely wounded.
The orc misses you.
You barely miss the orc.
The orc is severely wounded.
The orc closely misses you. The orc hits you with a +0 flail.
Ijyb the Twisted Goblin comes into view.
She is wielding a +0 dagger and carrying a wand of acid (7).
Ijyb zaps a wand.
The bolt of acid misses you. Ijyb hits you with a +0 dagger.
Ijyb zaps a wand.
The bolt of acid misses you.
Ijyb zaps a wand.
The bolt of acid hits the orc!
The orc is splashed with acid.
The acid corrodes the orc!
The orc dies!
The bolt of acid misses you.
Ijyb screams, "Me very upset!"
Ijyb zaps a wand.
The bolt of acid hits you!
Ouch! That really hurt!
* * * LOW HITPOINT WARNING * * *
You are splashed with acid!
You die...

#.o..# #.#o###.#
#..g....#
###.##### ########
#.##### #......#
#.....# #.####.##
#####.####.......#
#.o.g)....#.†#
######.##@#..###.#
#.##........#
#.......#####
#.......#
#########


You could see Ijyb and an orc.

Vanquished Creatures
  7 adders
  2 worms (D:2)
  3 dart slugs
  3 ball pythons
  4 bats
  7 endoplasms
  3 giant cockroaches
  7 goblins
  4 hobgoblins
  6 jackals
  3 kobolds
  A quokka (D:1)
  3 frilled lizards
  4 rats
57 creatures vanquished.

Vanquished Creatures (others)
  An orc (D:3)
  2 plants (D:2)
3 creatures vanquished.

Grand Total: 60 creatures vanquished

Notes
Turn   | Place    | Note
-------+----------+-------------------------------------------
     0 | D:1      | inmateoo the Tengu Warper began the quest for the Orb.
     0 | D:1      | Reached XP level 1. HP: 12/12 MP: 4/4
   312 | D:1      | Reached XP level 2. HP: 14/17 MP: 6/6
   767 | D:1      | Reached XP level 3. HP: 19/22 MP: 7/7
  1325 | D:2      | Reached skill level 3 in Long Blades
  1515 | D:2      | Found a faded altar of an unknown god.
  1526 | D:2      | Reached XP level 4. HP: 25/27 MP: 8/8
  1964 | D:2      | Reached skill level 1 in Stealth
  2461 | D:3      | Gained mutation: Your magical nature lets you fly swiftly
                  | and evasively. [Tengu growth]
  2461 | D:3      | Reached XP level 5. HP: 26/32 MP: 9/9
  2714 | D:3      | Noticed Ijyb
  2731 | D:3      | Splashed by Ijyb's acid

Illustrated notes

Levels and vault maps discovered:
D:1:      wander_arrival_desolate, layout_basic,
          wander_ebering_terrifying_dragon_lair
D:2:      layout_loops_ring, dreamdust_ecumenical_altar_grove
D:3:      layout_loops_cross, guppyfry_early_orc_mine, uniq_natasha, uniq_ijyb

Skill      XL: |  1  2  3  4 |
---------------+-------------+-----
Armour         | 2 |  2.4
Long Blades    | 3 |  3.9
Stealth        | 1 |  1.4
Fighting       | |  2.9
Throwing       | |  1.0
Dodging        | |  2.8
Spellcasting   | |  2.0
Translocations | |  2.4

Action                   |  1- 3 |  4- 6 || total
-------------------------+-------+-------++-------
Melee: Falchion          |    66 |    70 ||   136
       Kick              |    16 |    18 ||    34
       Peck              |     9 |    13 ||    22
  Use: Scroll            |     5 |       ||     5
 Stab: Sleeping          |     3 |     4 ||     7
Armor: Leather armour    |    12 |    13 ||    25
Dodge: Dodged            |    45 |    59 ||   104
       Rpst.: Falchion   |    13 |    13 ||    26
